Cogmind - Beta 15 @@@ ROGUE MODE // 2025.07.13 @ 12:37:32 Player: Bobm Result: Destroyed by D-53 Grenadier with Mini Grenade Launcher Performance ------------- Evolutions (1) 500 Regions Visited (3) 600 Robots Destroyed (28) 140 Value Destroyed (681) 681 Prototype IDs (1) 20 Alien Tech Used (0) 0 Bonus (0) 0 TOTAL SCORE: 1941 Bonus ------- None Cogmind --------- Core Integrity 0/400 Matter 272/300 Energy 2/125 System Corruption 1% Temperature Cool (0) Movement Core (200) Ox3 Location -9/Mines Parts ------- > --- POWER (1) -------- Light Ion Engine > --- PROPULSION (2) --- (None) > --- UTILITY (3) ------ Small Storage Unit Advanced Visual Processing Unit Shield Generator > --- WEAPON (3) ------- (None) > --- INVENTORY (8) ---- Light Ion Engine Peak State ------------ > --- POWER ------------ Improved Deuterium Engine > --- PROPULSION ------- Light Treads Light Treads > --- UTILITY ---------- Small Storage Unit Structural Scanner Advanced Visual Processing Unit > --- WEAPON ----------- Heavy Assault Rifle Autogun Flak Gun > --- INVENTORY -------- Light Ion Engine Light Treads Light Armor Plating Shield Generator Heavy Assault Rifle Autogun Improved Light Cannon [Rating: 20] Favorites ----------- Power Light Ion Engine Engine Light Ion Engine Propulsion Light Treads Treads Light Treads Utility Small Storage Unit Device Structural Scanner Storage Small Storage Unit Processor Advanced Visual Processing Unit Protection Light Armor Plating Weapon Assault Rifle Energy Gun Improved EM Shotgun Ballistic Gun Assault Rifle Ballistic Cannon Improved Light Cannon Build | -11 -10 -9 -9 ------- Run | Yrd Mat Mat Min Slots Evolved 2 | . . 2 . Power . | . . . . Propulsion . | . . . . Utility 1 | . . 1 . Weapon 1 | . . 1 . Parts Attached 26 | 6 2 12 6 Power 4 | 1 . 1 2 Engine 4 | 1 . 1 2 Core . | . . . . Reactor . | . . . . Propulsion 4 | 2 . 2 . Treads 4 | 2 . 2 . Leg . | . . . . Wheel . | . . . . Hover . | . . . . Flight . | . . . . Utility 7 | 1 1 3 2 Device 4 | . 1 2 1 Storage 1 | 1 . . . Processor 1 | . . 1 . Hackware . | . . . . Protection 1 | . . . 1 Artifact . | . . . . Weapon 11 | 2 1 6 2 Energy Gun 1 | . . 1 . Energy Cannon . | . . . . Ballistic Gun 9 | 2 1 4 2 Ballistic Cannon 1 | . . 1 . Launcher . | . . . . Special Weapon . | . . . . Impact Weapon . | . . . . Slashing Weapon . | . . . . Piercing Weapon . | . . . . Special Melee Weapon . | . . . . Unidentified Prototypes 1 | . . 1 . Parts Lost 16 | . . 4 12 Power 2 | . . 1 1 Propulsion 4 | . . 1 3 Utility 3 | . . 1 2 Weapon 7 | . . 1 6 Highest Loss Streak 6 | . . 3 6 To Critical Strikes . | . . . . Average Backups 4 | 2 3 6 3 Power . | . 1 . . Propulsion . | . . 1 . Utility . | . . . 1 Weapon 2 | 1 2 3 . Tool/Special . | . . . . Unused Backups 4 | . . 4 . Power . | . . . . Propulsion . | . . . . Utility . | . . . . Weapon 4 | . . 4 . Tool/Special . | . . . . Average Slot Usage (%) 93 | . 96 91 94 Engine 11 | . 14 10 9 Treads 23 | . 28 21 20 Device 7 | . 10 9 3 Storage 11 | . 14 11 11 Processor 5 | . . 6 11 Protection 2 | . . . 6 Energy Gun 2 | . . 7 . Ballistic Gun 22 | . 28 16 22 Ballistic Cannon 5 | . . 7 9 Peak Build Rating 20 | 6 7 16 20 Average Rating 10 | 4 6 12 13 On Entrance 6 | . 6 7 14 Naked Turns . | . . . . Heaviest Build 26 | 11 13 19 26 Greatest Support 46 | 40 40 46 40 Greatest Overweight (x) 3 | . . . 3 Average Overweight (x) . | . . . . Largest Inventory Capacity 8 | 8 8 8 8 Average Capacity 7 | 6 8 8 8 Most Carried 8 | 4 7 8 7 Average Carried 4 | 2 3 6 3 Final Capacity 8 | 8 8 8 8 Final Carried 7 | 2 7 5 1 Class Distribution -------------------- 39% | Mutant 39% | Skirmisher 18% | Tank Dominant Class ---------------- Mutant | -10/Materials Skirmisher | -9/Materials Tank | -9/Mines Resources | -11 -10 -9 -9 ----------- Run | Yrd Mat Mat Min Matter Collected 1066 | 194 35 432 405 Remotely . | . . . . Salvage Created 990 | . 54 708 228 Parts 56 | . 8 45 3 Haulers Intercepted . | . . . . Recyclers Shooed . | . . . . Parts Field Recycled . | . . . . Retrieved Matter . | . . . . Parts Self-Destructed . | . . . . Prevented . | . . . . Kills | -11 -10 -9 -9 ------- Run | Yrd Mat Mat Min Combat Hostiles Destroyed 39 | . 3 18 18 Guns 28 | . 3 13 12 Cannons 10 | . . 4 6 AOE 1 | . . 1 . Classes Destroyed 8 | . 1 6 1 Worker 1 | . . 1 . Builder 1 | . . 1 . Recycler 1 | . . 1 . Watcher 2 | . . 2 . Swarmer 11 | . 3 8 . Grunt 9 | . . 7 2 Sentry 3 | . . 3 . Assembled 16 | . . . 16 Best Kill Streak 11 | . 3 11 7 Combat Bots Only 7 | . 3 5 7 Max Kills in Single Turn 2 | . 2 2 1 Gunslinging 1 | . 1 . . Exploded 1 | . . 1 . Melee . | . . . . Uniques/NPCs Destroyed . | . . . . Combat | -11 -10 -9 -9 -------- Run | Yrd Mat Mat Min Hostile Shots Fired 187 | . 16 90 81 Missed 60 | . 5 32 23 Hits 127 | . 11 58 58 Melee 7 | . . . 7 Projectile 120 | . 11 58 51 AOE 14 | . . 1 13 Critical Strikes 2 | . . . 2 Part Disruptions 4 | . . 2 2 Damage Taken 2273 | . 93 880 1300 Core 429 | . 10 90 329 Absorbed by Shields 20 | . . . 20 Core Remaining (%) 98 | 100 96 . . Volleys Fired 90 | . 7 43 40 Largest 3 | . 2 3 3 Hottest 101 | . 40 101 79 Shots Fired 217 | . 14 117 86 Gun 167 | . 14 89 64 Cannon 50 | . . 28 22 Launcher . | . . . . Special . | . . . . Kinetic 198 | . 14 98 86 Thermal . | . . . . Explosive . | . . . . Electromagnetic 19 | . . 19 . Robot Hit Streak 11 | . 3 11 11 Robot Miss Streak 8 | . 4 5 8 Penetration Max . | . . . . Secondary Targets 6 | . 1 2 3 Max Gunslinging Chain 1 | . 1 1 1 Shots Hit Robots 134 | . 5 71 58 Core Hits 80 | . 3 32 45 Critical Kills . | . . . . Critical Parts Destroyed . | . . . . Critical Strikes 3 | . . 1 2 Blast 3 | . . 1 2 Melee Attacks . | . . . . Impact . | . . . . Slashing . | . . . . Piercing . | . . . . Sneak Attacks . | . . . . Combat Hostiles . | . . . . Follow-up Attacks . | . . . . Damage Inflicted 2407 | . 56 1382 969 Guns 1605 | . 56 867 682 Cannons 573 | . . 286 287 Explosions 229 | . . 229 . Melee . | . . . . Ramming . | . . . . Kinetic 1967 | . 56 942 969 Thermal 46 | . . 46 . Explosive 138 | . . 138 . Electromagnetic 256 | . . 256 . Impact . | . . . . Slashing . | . . . . Piercing . | . . . . Highest Corruption 1 | . 1 1 1 Average Corruption 1 | . 1 1 1 Corruption Purged . | . . . . Corruption Blocked . | . . . . Effects 6 | . . 4 2 Message Errors 2 | . . 2 . Matter Fused 3 | . . 2 1 Heat Flow Errors 1 | . . . 1 Overload Shots . | . . . . Overflow Damage 5 | . . 5 . Projectiles 5 | . . 5 . Explosions . | . . . . Melee . | . . . . Knockbacks 8 | . . 3 5 Impact . | . . . . Kinetic 8 | . . 3 5 Secondary . | . . . . Self-Inflicted Damage 206 | . . 206 . Shots 4 | . . 4 . Rammed . | . . . . Targets Rammed . | . . . . Kicked . | . . . . Crushed . | . . . . Highest Temperature 136 | . . 136 115 Average Temperature 35 | . . 37 32 Received Heat Transfer 280 | . . 147 133 Siege Activations . | . . . . Martial Activations . | . . . . Shielding Activations . | . . . . Robots Disrupted . | . . . . Combat Hostiles . | . . . . Robots Corrupted . | . . . . Combat Hostiles . | . . . . Parts Fried . | . . . . Impact Corruptions . | . . . . Robots Melted . | . . . . Combat Hostiles . | . . . . Parts Melted . | . . . . Heat Transferred 50 | . . 50 . Parts Sabotaged . | . . . . Parts Stolen . | . . . . Parts Stripped . | . . . . Power Chain Reactions 1 | . . 1 . Alert | -11 -10 -9 -9 ------- Run | Yrd Mat Mat Min Maximum Alert Level 1 | . . 1 . Low Security (%) 91 | 100 100 74 100 Level 1 8 | . . 25 . Level 2 . | . . . . Level 3 . | . . . . Level 4 . | . . . . Level 5 . | . . . . High Security . | . . . . Max Security . | . . . . Peak Influence 361 | . 63 361 137 Initial 137 | . . 22 137 Average 48 | . 2 111 32 Influence Increases 795 | . 71 657 67 Destroy 0b10 Robot/C 460 | . 60 360 40 Destroy 0b10 Robot/NC 25 | . . 25 . Destroy Leader 94 | . 10 74 10 Successful Hack 7 | . . 7 . Disable Machine 90 | . . 90 . Destroy Structure 44 | . 1 41 2 Lose Combat Pursuer 75 | . . 60 15 Influence Decreases 795 | . 16 359 420 Entered New Map 249 | . . 33 216 Time Decay 429 | . 16 286 127 Lost Part 117 | . . 40 77 Squads Dispatched 3 | . 1 2 . Investigation 1 | . . 1 . Extermination . | . . . . Reinforcement 2 | . 1 1 . Assault . | . . . . Garrison . | . . . . Intercept . | . . . . Searches Triggered . | . . . . Construction Impeded . | . . . . Haulers Reinforced . | . . . . Active Scanning Responses . | . . . . Cargo Convoy Interrupts . | . . . . Stealth | -11 -10 -9 -9 --------- Run | Yrd Mat Mat Min Distress Signals 1 | . . 1 . Communications Jammed . | . . . . Distress Signals . | . . . . Times Spotted 53 | . 7 24 22 Peak Tracking Total 11 | . 3 5 11 Tactical Retreats 4 | . . 3 1 Traps | -11 -10 -9 -9 ------- Run | Yrd Mat Mat Min Traps Triggered 1 | . 1 . . Indirectly . | . . . . Trap Hack Attempts . | . . . . Triggered . | . . . . Disarmed . | . . . . Reprogrammed . | . . . . Reused . | . . . . Traps Extracted . | . . . . Installed . | . . . . Triggered . | . . . . Machines | -11 -10 -9 -9 ---------- Run | Yrd Mat Mat Min Machines Disabled 6 | . . 6 . Max in Single Turn 2 | . . 2 . Machines Repaired . | . . . . Machines Dismantled . | . . . . Machines Sabotaged . | . . . . Overloaded Fab Kills . | . . . . Hacking | -11 -10 -9 -9 --------- Run | Yrd Mat Mat Min Machines Accessed 5 | . 2 2 1 Terminals 3 | . 1 2 . Fabricators . | . . . . Repair Stations . | . . . . Recycling Units 1 | . 1 . . Scanalyzers . | . . . . Garrison Access . | . . . . Total Hacks 17 | . 8 8 1 Successful 13 | . 6 6 1 Failed 4 | . 2 2 . Catastrophic . | . . . . Database Lockouts . | . . . . Manual 1 | . 1 . . Terminals 10 | . 2 8 . Fabricators . | . . . . Repair Stations . | . . . . Recycling Units 6 | . 6 . . Scanalyzers . | . . . . Garrison Access . | . . . . Terminal Hacks 8 | . 1 6 1 Record 4 | . 1 3 . Open Door 1 | . . . 1 Alert Level 1 | . . 1 . Locate Traps 1 | . . 1 . Zone Layout 1 | . . 1 . Fabricator Hacks . | . . . . Repair Station Hacks . | . . . . Recycling Unit Hacks 5 | . 5 . . Recycle Component 3 | . 3 . . Process 1 | . 1 . . Retrieve Matter 1 | . 1 . . Scanalyzer . | . . . . Garrison Access Hacks . | . . . . Unauthorized Hacks . | . . . . Terminals . | . . . . Fabricators . | . . . . Repair Stations . | . . . . Recycling Units . | . . . . Scanalyzers . | . . . . Garrison Access . | . . . . Data Cores Recovered . | . . . . Used . | . . . . Hacking Detections 2 | . 1 1 . Full Trace Events 1 | . . 1 . Feedback Events . | . . . . Feedback Blocked . | . . . . Robot Schematics Acquired . | . . . . Robots Built . | . . . . Authchips . | . . . . Time . | . . . . Total Robot Build Rating . | . . . . Part Schematics Acquired . | . . . . Parts Built . | . . . . Authchips . | . . . . Time . | . . . . Total Part Build Rating . | . . . . Parts Repaired . | . . . . Time . | . . . . Parts Recycled 3 | . 3 . . Recycled Matter 49 | . 49 . . Retrieved Matter 49 | . 49 . . Retrieved Components . | . . . . Parts Scanalyzed . | . . . . Part Schematics Acquired . | . . . . Parts Damaged . | . . . . Bothacking | -11 -10 -9 -9 ------------ Run | Yrd Mat Mat Min Used RIF Installer . | . . . . Robots Hacked . | . . . . Non-combat . | . . . . Combat . | . . . . Robot Hacks Applied . | . . . . Relay Couplers Released . | . . . . Fabnet Peak Effective % . | . . . . Robots Rewired . | . . . . Allies Hacked . | . . . . Hacks Repelled . | . . . . Allies | -11 -10 -9 -9 -------- Run | Yrd Mat Mat Min Total Allies . | . . . . Largest Group . | . . . . Highest-Rated Group . | . . . . Highest-Rated Ally . | . . . . Total Orders . | . . . . Ally Attacks . | . . . . Total Damage . | . . . . Kills . | . . . . Allies Corrupted . | . . . . Allies Melted . | . . . . Intel | -11 -10 -9 -9 ------- Run | Yrd Mat Mat Min Active Infowar (turns) 1687 | . 437 608 642 Optics 1030 | . . 388 642 Terrain 603 | . 437 166 . Structural 611 | . . 425 186 Robot Analysis Total . | . . . . Derelict Logs Recovered 1 | . . . 1 Drone Launches . | . . . . Drone Recoveries . | . . . . Exploration | -11 -10 -9 -9 ------------- Run | Yrd Mat Mat Min Turns Passed 1957 | 75 586 654 642 Spaces Moved 1015 | 45 345 299 326 Core 10 | 9 . . 1 Treads 1005 | 36 345 299 325 Legs . | . . . . Wheels . | . . . . Hover . | . . . . Flight . | . . . . Fastest Speed 50 | 50 160 160 160 Average Speed 159 | 138 160 160 160 Slowest Speed 200 | 160 160 160 200 Overloaded Moves . | . . . . Propulsion Burnouts . | . . . . Robots Hopped . | . . . . Potential Cave-ins . | . . . . Cave-ins Triggered 1 | . . . 1 Exploration Rate (%) 39 | 4 54 33 65 Regions Visited 3 Branch Regions 1 Pre-discovered Areas . | . . . . Known Exits Taken . | . . . . Unknown Exits Taken 3 | 1 1 1 . Scrap Searched . | . . . . Spaces Dug . | . . . . Terrain Destroyed 47 | . . 42 5 Melee . | . . . . Projectile 7 | . . 2 5 AOE 40 | . . 40 . Terrain Rammed . | . . . . Walls Destroyed . | . . . . Machines Disabled . | . . . . Actions | -11 -10 -9 -9 --------- Run | Yrd Mat Mat Min Total 1192 | 58 366 389 379 Wait 9 | . 3 6 . Move 1012 | 44 344 298 326 Hop . | . . . . Pick Up 34 | 8 9 14 3 Fast Attach . | . . . . Attach 28 | 6 2 13 7 Detach 6 | . 1 5 . Swap 3 | . . . 3 Drop 10 | . . 10 . Fire 90 | . 7 43 40 Melee . | . . . . Ram . | . . . . Kick . | . . . . Crush . | . . . . Escape Stasis . | . . . . Rewire . | . . . . Trap . | . . . . Miscellaneous . | . . . . Route ------- -11/Scrapyard -10/Materials (discovered 3 exits: *Mat / [*Min] / [*Sub]) -9/Materials (discovered 2 exits: [*Mat] / *Min) -9/Mines History --------- Turn | Location | Event 6 | -11/Scrapyard | Discovered new exit (range 14) 76 | -11/Scrapyard | Entered Materials 176 | -10/Materials | Discovered new exit (range 16) 280 | -10/Materials | Discovered new exit (range 6) 303 | -10/Materials | Build established: Mutant 307 | -10/Materials | Discovered new exit (range 13) 662 | -10/Materials | Entered another Materials area 662 | -9/Materials | Evolved 2 slots: Utility x1, Weapon x1 1149 | -9/Materials | Discovered new exit (range 12) 1174 | -9/Materials | Build established: Skirmisher 1251 | -9/Materials | Lost 3 parts (1p1n1w) 1289 | -9/Materials | Discovered new exit (range 14) 1316 | -9/Materials | Entered Mines 1360 | -9/Mines | Learned Materials garrison access intel 1447 | -9/Mines | Met a Derelict who couldn't figure out how to use a Trap Extractor 1479 | -9/Mines | Assembled infested the area 1513 | -9/Mines | Core integrity fell below 50% 1536 | -9/Mines | Crushed by falling debris 1558 | -9/Mines | Destroyed 7 combat bots 1566 | -9/Mines | Lost 5 parts (1p1n1u2w) 1886 | -9/Mines | Build established: Tank 1923 | -9/Mines | A Derelict revealed a hidden shortcut to a safe place 1945 | -9/Mines | Core integrity fell below 20% 1958 | -9/Mines | Destroyed by D-53 Grenadier with Mini Grenade Launcher Last Messages --------------- A derelict emerges from the shadows: "It's not safe here! Let me show you to a place where you won't have to worry about staying in one piece!" XR-XXK(z) destroyed. K-01 Serf collects debris. Destroyed Shock Absorption System. Hvy. Assault Rifle destroyed. Lgt. Treads destroyed. U-05 Engineer lays Concrete. Imp. Light Cannon destroyed. U-05 Engineer lays Concrete. Lgt. Armor Plating destroyed. Lgt. Treads destroyed. U-05 Engineer lays Concrete. The unstable cave ceiling collapses. U-05 Engineer lays Concrete. U-05 Engineer destroyed. Autogun destroyed. [Achievement: First Step to Greatness] Map ----- +----------------------------------------------------+ | | | | | | | | | ?????????????????????????????????????????????????? | | ?????????????????????????????????????????????????? | | ?????????????????????????????????????????????????? | | ?????????????????????????????????????????????????? | | ??????????####???????????????????????????????????? | | ?????????? #???????????????????????????????????? | | ??????????# ????????????????#??????????????????? | | ??????????# ??????????????? #??????????????????? | | ?????????## #??????????????? #??????????????????? | | ?????????# #??????????????? #??????????????????? | | ######??## #?###?????????? #?????########?????? | | # ### #? ##????????? #???? ########?????? | | #?# #????????? #???? ## #?????? | | #?# #???????? ????? ?###### | | # ### #???????? ###????# ?###### | | ?# ## #???????? ?????## ?## | | ??# k # ######### ##?????## ### | | ?????# # # ##???### #### ## | | ??????# = #??#### #### ## | | ??????# % #??### #### ## | | ??????## ### #### ## | | ???????### @ d % # #### ## | | ?????????# # u## # #### | | ?????????# %### ### k ### # #### | | ????????## #?# ##?# ##????# ### ### | | ??????####= #?# #??### #?????????## ## | | ??????# ! = #?# #???? ### ##?????????## ## | | ??##### #####?# #???$ ???##??????????## ### | | ?## ## #?????# #?? ????????????##### #### | | ## ##???? ? ????????????##### #### | | # #????### ?????????????## | | ##??????## #?????????????## ## | | #% ### #????####??????????????## ### ####### | | ## #??????????????????????## ### ######## | | ##### #####??????????????????????## ### ##???### | | #????# #??????????????????????????## ### ??? | | ?????# #??????????????????????????## ### ##???### | | ?????# #????###???????????????????## ### ##???### | | ?????# ##### ##??????????????????## ### ##?????? | | ?????# ## #??????????????????## ### #####??? | | ?????# #??????????????????## ### #####??? | | ?????# ##??????????????????## ### ##??? | | ?????##### ##???????????????????## ###### ##??? | | ????????## #???????????????????### ###### ##??? | | ???????## #???????????????????### #### ##??? | | ??????## #????????????????##### ##### | +----------------------------------------------------+ Best States ------------- Heat Dissipation 28 Energy Generation 16 Energy Capacity 290 Matter Stores 300 Matter Capacity 300 Sight Range 20 Terrain Scan Range 14 Terrain Scan Density 10 Armor Coverage 150 Evasion (%) 50 Recoil Reduction 2 Item Schematics ----------------- None Robot Schematics ------------------ None Fabricated ------------ Nothing Repaired ---------- Nothing Alien Tech Used ----------------- None Achievements -------------- Exterminator First Step to Greatness Unlikely Earthworm Challenges ------------ None Game ------ Seed HybridElectrostormHarness Manual? 0 Play Time 00:24:44 Cumulative 2.5 hours Start 2025.07.13 @ 01:42:25 End 2025.07.13 @ 12:37:32 Sessions 2 Manual Loads 0 Difficulty Rogue Special Mode None Game No. 8 Rogue 8 Adventurer 0 Explorer 0 Win Type - Total 0 Types 0/0/0/0/0/0/0/0/0/0 Lore% 1 Gallery% 6 Achievement% 7 Wizard Run 0 Options --------- Layout 1 ASCII 0 Keyboard 0 Movement Mouse Keybinds 0 Fullscreen 1 Font 32/SmallcapsGlow Map View 50x35 Zoom Use 0% Tactical HUD 0 Map Filters NONE Filters NONE Steam 1 RUN: 7add5f0e-0c99-4bf3-9c27-dcdc49d9f299